 Dungeon Crawl Stone Soup version 0.16-a0-4060-g00983b4 (webtiles) character file.

126 Ololoev the Slasher (level 4, -4/35 HPs)
             Began as a Mummy Chaos Knight on Feb 21, 2015.
             Killed by divine providence
             ... invoked by an orc priest
              (11 damage)
             ... on level 3 of the Dungeon.
             The game lasted 00:13:25 (2635 turns).

Ololoev the Slasher (Mummy Chaos Knight)            Turns: 2635, Time: 00:13:25

Health: -4/35      AC:  7    Str: 16    XL:     4   Next: 83%
Magic:  4/4        EV:  9    Int: 11    God:    Xom [..*...]
Gold:   2421       SH:  0    Dex: 11    Spells: 0 memorised, 3 levels left

rFire  x . .     SeeInvis .     a - +0 falchion (chaos)
rCold  + . .     Clarity  +     j - +1 scale mail
rNeg   + + +     SustAb   .     (no shield)
rPois  ∞         Gourm    .     (no helmet)
rElec  .         Spirit   .     (no cloak)
rCorr  .         Warding  .     (no gloves)
rMut   .         Stasis   .     (no boots)
MR     .....                    c - amulet of clarity
Stlth  ..........               (no ring)
                                (no ring)

@: not resistant to hostile enchantments, extremely unstealthy
A: no food or potions, fire vulnerability, restore body, cold resistance 1,
negative energy resistance 3, poison resistance, torment resistance, unbreathing
a: Renounce Religion


You were on level 3 of the Dungeon.
You worshipped Xom.
You were a toy of Xom.
You were not hungry.

You visited 1 branch of the dungeon, and saw 3 of its levels.

You collected 2421 gold pieces.

Notes
Turn   | Place    | Note
--------------------------------------------------------------
     0 | D:1      | Ololoev, the Mummy Chaos Knight, began the quest for the Orb.
     0 | D:1      | Reached XP level 1. HP: 18/18 MP: 1/1
    14 | D:1      | XOM: divination: detect items
   129 | D:1      | Reached XP level 2. HP: 24/24 MP: 2/2
   141 | D:1      | XOM: silly message
   560 | D:1      | Reached XP level 3. HP: 19/29 MP: 3/3
   763 | D:1      | XOM: silly message
  1373 | D:2      | Noticed Terence
  1436 | D:1      | XOM: confuse monster(s)
  1442 | D:1      | Killed Terence
  1734 | D:2      | Reached XP level 4. HP: 31/35 MP: 4/4
  1780 | D:2      | Noticed Ijyb
  1810 | D:2      | XOM: potion effect (heal wounds)
  1812 | D:2      | Killed Ijyb
  1812 | D:2      | Reached skill level 4 in Long Blades
  2020 | D:2      | XOM: noise
  2042 | D:2      | XOM: stat loss: -1 Dex (10/11)
  2165 | D:2      | XOM: mild Pois miscast
  2485 | D:3      | XOM: noise
  2500 | D:3      | XOM: polymorph orc -> ball python
  2588 | D:3      | XOM: god gift: 2320 gold pieces
  2635 | D:3      | Killed from afar by an orc priest

Inventory:

Hand weapons
 a - a +0 falchion of chaos (weapon)
Missiles
 g - 2 javelins (quivered)
Armour
 j - a +1 scale mail (worn)
Jewellery
 c - an amulet of clarity (around neck)
Magical devices
 b - a wand of frost (21)
 i - a wand of flame (31)
Scrolls
 d - a scroll of enchant armour
 f - 2 scrolls of teleportation

Table legend:
 A = Turns spent in this place as a percentage of turns spent in the entire game.
 B = Non-inter-level travel turns spent in this place as a percentage of non-inter-level travel turns spent in the entire game.
 C = Inter-level travel turns spent in this place as a percentage of turns spent in this place.
 D = Turns resting spent in this place as a percentage of non-inter-level travel turns spent in this place.
 E = Turns spent auto-exploring this place as a percentage of non-inter-level travel turns spent in this place.
 F = Non-inter-level travel turns spent in this place divided by the number of levels of this place that you've seen.
                   A       B       C       D       E      F
               +-------+-------+-------+-------+-------+----------------------
         Total | 100.0 | 100.0 |   0.5 |   3.8 |   8.3 | 281.7
       Dungeon | 100.0 | 100.0 |   0.5 |   3.8 |   8.3 | 281.7
               +-------+-------+-------+-------+-------+----------------------


   Skills:
 - Level 3.0 Fighting
 * Level 4.3 Long Blades
 + Level 2.1 Armour
 - Level 0.7 Dodging
 * Level 0.5 Evocations


You had 3 spell levels left.
You didn't know any spells.

Dungeon Overview and Level Annotations

Branches:
Dungeon (3/15)

Altars:


Innate Abilities, Weirdness & Mutations

You do not eat or drink.
Your flesh is vulnerable to fire.
Your flesh is cold resistant.
You are immune to negative energy.
Your system is resistant to poisons.
You are immune to unholy pain and torment.
You can survive without breathing.


Message History

The orc priest hits you but does no damage.
You barely miss the orc priest.
The orc priest is heavily wounded.
The orc priest closely misses you. The orc priest misses you.
You hit the orc priest.
The orc priest is severely wounded.
The orc priest hits you but does no damage.
The orc priest barely misses you.
You hit the orc priest but do no damage.
You heal the orc priest.
The orc priest is heavily wounded.
Xom is highly amused!
The orc priest is heavily wounded.
The orc priest hits you.
You barely miss the orc priest.
The orc priest is heavily wounded.
The orc priest closely misses you. The orc priest barely misses you.
You hit the orc priest.
The orc priest is heavily wounded.
The orc priest blinks!
The jackal closely misses you.
You closely miss the jackal.
You hear a shout!
The jackal bites you but does no damage.
You barely miss the jackal.
You hear a shout!
The jackal closely misses you.
You hear a shout!
The jackal bites you.
You hear a shout!
The jackal bites you.
You hear a shout!
The jackal bites you but does no damage.
The jackal bites you but does no damage.
You hear a shout!
You slash the jackal!
You kill the jackal!
The orc priest is no longer berserk.
The orc priest calls down the wrath of Beogh upon you.
Something smites you!
You die...

o........###.o..........
........†..(.....g# .#
....#...###.##)#..# #.# #[
#...# #)##.#..######.#
#.##...###o##.#.........##
#..........##[..........##
####...######..#####.#....
##..######..# #.#..##
#.†o.@.....# #.#..#
##........## #....#
#.######## ##.#.# #.#
#.#.## ..# #.#... ####
#.#### #.# # #.# # #.# #


You could see an orc priest.

Table legend:
 A = Kills in this place as a percentage of kills in entire the game.
 B = Kills by you in this place as a percentage of kills by you in the entire game.
 C = Kills by friends in this place as a percentage of kills by friends in the entire game.
 D = Other kills in this place as a percentage of other kills in the entire game.
 E = Experience gained in this place as a percentage of experience gained in the entire game.
 F = Experience gained in this place divided by the number of levels of this place that you have seen.
                   A       B       C       D       E      F
               +-------+-------+-------+-------+-------+----------------------
         Total | 100.0 | 100.0 |  -nan |  -nan | 100.0 |  60.0
       Dungeon | 100.0 | 100.0 |  -nan |  -nan | 100.0 |  60.0
               +-------+-------+-------+-------+-------+----------------------

Vanquished Creatures
  Ijyb (D:2)
  Terence (D:1)
  An adder (D:2)
  A gnoll (D:1)
  2 oozes
  9 orcs (D:3)
  A ball python (D:3)
  4 giant cockroaches
  11 hobgoblins
  2 jackals (D:3)
  4 quokkas
  7 bats
  A giant gecko (D:3)
  2 giant newts
  5 goblins
  6 kobolds
  8 rats
66 creatures vanquished.

Action                   |  1- 3 |  4- 6 || total
-------------------------+-------+-------++-------
Melee: Falchion          |   116 |   122 ||   238
Throw: Stone             |     3 |       ||     3
       Javelin           |     5 |     8 ||    13
  Use: Scroll            |       |     4 ||     4

Vault maps used:
D:1:      sevenhm_arrival_forest_fort_small_3, st_stairs_9
D:2:      uniq_iyjb, uniq_terence
